 Dungeon Crawl Stone Soup version 0.31-a0-261-g072fdb8a1f (webtiles) character file.

Game seed: 4898604727989720229

82 qw the Shooter (level 4, -7/26 HPs)
             Began as a Gargoyle Hexslinger on July 13, 2023.
             Killed by divine providence
             ... invoked by an orc priest
              (12 damage)
             ... on level 3 of the Dungeon.
             The game lasted 00:00:42 (1721 turns).

qw the Shooter (Gargoyle Hexslinger)                Turns: 1721, Time: 00:00:42

Health: -7/26      AC:  7    Str: 11    XL:     4   Next: 43%
Magic:  5/5        EV: 12    Int: 14    God:
Gold:   124        SH:  0    Dex: 14    Spells: 4/5 levels left

rFire   . . .        Y - +1 sling
rCold   . . .        (no shield)
rNeg    + . .        c - +0 robe
rPois   inf          (helmet restricted)
rElec   +            h - +1 cloak
rCorr   .            (no gloves)
SInv    .            (no boots)
Will    .....        (no amulet)
Stlth   +            (no ring)
HPRegen 0.24/turn    (no ring)
MPRegen 0.09/turn

%: no passive effects
@: about to teleport
A: sickness immunity, AC +3, negative energy resistance 1, electricity
resistance, torment resistance 1, petrification resistance, horns 1, subdued
magic 1
a: no special abilities


You were on level 3 of the Dungeon.
You visited 1 branch of the dungeon, and saw 3 of its levels.

You collected 124 gold pieces.


Innate Abilities, Weirdness & Mutations

You are immune to sickness and miasma.
Your stone body is resilient. (AC +3)
You are immune to poison.
You resist negative energy. (rN+)
You are resistant to electric shocks. (rElec)
You are resistant to unholy torment.
You are immune to petrification.
You have a pair of small horns on your head.
Your spells are a little easier to cast, but a little less powerful.


   Skills:
 - Level 2.0 Fighting
 + Level 4.2 Ranged Weapons
 - Level 1.5 Dodging
 - Level 1.0 Spellcasting
 - Level 2.6 Hexes


You had 4 spell levels left.
You knew the following spells:

 Your Spells              Type           Power      Damage    Failure   Level
a - Slow                  Hex            24%        N/A       7%          1

Your spell library contained the following spells:

 Spells                   Type           Power      Damage    Failure   Level
 Inner Flame              Hex/Fire       3%         N/A       36%         3
 Portal Projectile        Hex/Tloc       6%         N/A       36%         3
 Cause Fear               Hex            3%         N/A       61%         4

Inventory:

Hand Weapons
 Y - a +1 sling (weapon)
Armour
 c - a +0 robe (worn)
 h - a +1 cloak (worn)
Scrolls
 e - a scroll of enchant armour {unknown}
Potions
 b - a potion of mutation
 d - 2 potions of might
 g - a potion of haste
 i - 3 potions of brilliance {unknown}

Dungeon Overview and Level Annotations

Branches:
Dungeon (3/15)

Altars:
Makhleb


Message History

The sling bullet hits the orc priest but does no damage.
You shoot a sling bullet.
The sling bullet closely misses the orc priest.
You shoot a sling bullet. The sling bullet hits the orc priest.
The orc priest is lightly wounded.
You shoot a sling bullet.
The sling bullet hits the orc priest but does no damage.
The orc priest is lightly wounded.
You shoot a sling bullet.
The sling bullet hits the orc priest but does no damage.
The orc priest is lightly wounded.
The orc priest mumbles some strange prayers to Beogh against you.
Beogh smites you!
Ouch! That really hurt!
You shoot a sling bullet. The sling bullet hits the orc priest.
The orc priest is moderately wounded.
The orc priest barely misses you. The orc priest closely misses you.
You shoot a sling bullet.
The sling bullet hits the orc priest but does no damage.
The orc priest is moderately wounded.
The orc priest mumbles some strange prayers to Beogh against you.
You barely resist. You shoot a sling bullet.
The sling bullet barely misses the orc priest.
The orc priest misses you.
You shoot a sling bullet. The sling bullet hits the orc priest.
The orc priest is severely wounded.
The orc priest hits you with a +0 short sword.
You shoot a sling bullet.
The sling bullet barely misses the orc priest.
The orc priest hits you with a +0 short sword.
1720 ||| READING scroll of teleportation.
As you read the scroll of teleportation, it crumbles to dust.
You feel strangely unstable.
The orc priest hits you but does no damage.
You shoot a sling bullet. The sling bullet hits the orc priest.
The orc priest is severely wounded.
The orc priest mumbles some strange prayers to Beogh against you.
Beogh smites you!
You die...

#.# #.#
#.# #.#
#.# #.#
#.#######
#.......#
#######.#
#.# #.#
#@# #o#
#.# #.#
#.# #.#
#.. #.#


You could see an orc priest.

Vanquished Creatures
  2 adders
  2 worms (D:2)
  3 ball pythons
  5 endoplasms
  6 giant cockroaches
  4 goblins
  8 hobgoblins
  7 jackals (D:1)
  4 kobolds
  5 bats
  2 frilled lizards (D:1)
  2 rats (D:1)
50 creatures vanquished.

Notes
Turn   | Place    | Note
-------+----------+-------------------------------------------
     0 | D:1      | qw the Gargoyle Hexslinger began the quest for the Orb.
     0 | D:1      | Reached XP level 1. HP: 12/12 MP: 2/2
     0 | D:1      | 0 ||| qw: Version: 0.3-a-52-g30416fa
     0 | D:1      | 0 ||| qw: Game counter: 7002
     0 | D:1      | 0 ||| qw: Melee chars always use a shield: true
     0 | D:1      | 0 ||| qw: God list: Okawaru
     0 | D:1      | 0 ||| qw: Allow faded altars: false
     0 | D:1      | 0 ||| qw: Do Orc after clearing Dungeon:15 true
     0 | D:1      | 0 ||| qw: Do second Lair branch before Depths: true
     0 | D:1      | 0 ||| qw: Lair rune preference: random
     0 | D:1      | 0 ||| qw: Goals: Normal
     0 | D:1      | 0 ||| PLANNING D:1-11
   106 | D:1      | Reached XP level 2. HP: 16/16 MP: 3/3
   220 | D:1      | Reached skill level 3 in Ranged Weapons
   460 | D:1      | Reached XP level 3. HP: 18/21 MP: 4/4
  1006 | D:1      | 1006 ||| UPGRADING to +1 cloak.
  1011 | D:1      | 1011 ||| READING 2 scrolls labelled GUOPIT CUMOETE.
  1014 | D:1      | 1014 ||| READING scroll labelled WOUMOR UCOAPP.
  1015 | D:1      | 1015 ||| READING scroll labelled GOSHRI GYATWI.
  1016 | D:1      | 1016 ||| READING scroll labelled XEGADI ZINYN.
  1017 | D:1      | 1017 ||| DRINKING 3 inky potions.
  1018 | D:1      | 1018 ||| DRINKING 2 grey potions.
  1019 | D:1      | 1019 ||| DROPPING scroll of poison.
  1265 | D:2      | Reached XP level 4. HP: 26/26 MP: 5/5
  1316 | D:2      | Found a burning altar of Makhleb.
  1340 | D:2      | Reached skill level 4 in Ranged Weapons
  1543 | D:2      | 1543 ||| READING scroll labelled WORORE COYRPHEO.
  1544 | D:2      | 1544 ||| READING scroll labelled SIAFRI POKE.
  1545 | D:2      | 1545 ||| DRINKING 2 silvery potions.
  1545 | D:2      | Gained mutation: Your spells are a little easier to cast,
                  | but a little less powerful. [potion of mutation]
  1545 | D:2      | Gained mutation: You have a pair of small horns on your
                  | head. [potion of mutation]
  1719 | D:3      | HP: 5/26 [orc priest/+0 short sword (4)]
  1720 | D:3      | 1720 ||| READING scroll of teleportation.
  1721 | D:3      | Killed from afar by an orc priest

Levels and vault maps discovered:
D:1:      minmay_arrival_cross, layout_basic
D:2:      layout_basic, basic_altar
D:3:      layout_loops_ring, mainiacjoe_overflow_cross_hatched

Skill      XL: |  1  2  3  4 |
---------------+-------------+-----
Ranged Weapons | 3 4 |  4.2
Fighting       | 2 |  2.0
Dodging        | |  1.5
Spellcasting   | |  1.0
Hexes          | |  2.6

Action                     |  1- 3 |  4- 6 || total
---------------------------+-------+-------++-------
   Fire: Sling             |   129 |    49 ||   178
    Use: Scroll            |     4 |     3 ||     7
         Potion            |     2 |     1 ||     3
 Armour: Robe              |    19 |     7 ||    26
  Dodge: Dodged            |    34 |     6 ||    40

Table legend:
 A = Non-vault XP
 B = Vault XP
 C = Vault XP percentage of total XP
 D = Non-vault monster count
 E = Vault monster count
 F = Vault count percentage of total count
                 A         B        C        D         E       F
            +---------+---------+-------+---------+---------+-------
      Total |     118 |       0 |   0.0 |      50 |       0 |   0.0
            +---------+---------+-------+---------+---------+-------
        D:1 |      58 |       0 |   0.0 |      33 |       0 |   0.0
        D:2 |      43 |       0 |   0.0 |      14 |       0 |   0.0
        D:3 |      17 |       0 |   0.0 |       3 |       0 |   0.0
            +---------+---------+-------+---------+---------+-------
